 Dungeon Crawl Stone Soup version 0.29.0-15-g675c0067aa (webtiles) character file.

Game seed: 491428301465185858

854 qw the Chopper (level 8, -9/48 HPs)
             Began as a Gargoyle Fighter on Sept 12, 2022.
             Mangled by a wyvern (12 damage)
             ... on level 5 of the Dungeon.
             The game lasted 00:01:19 (4058 turns).

qw the Chopper (Gargoyle Fighter)                   Turns: 4058, Time: 00:01:20

Health: -9/48      AC: 22    Str: 21    XL:     8   Next: 1%
Magic:  17/17      EV:  6    Int: 16    God:
Gold:   321        SH:  9    Dex:  9    Spells: 7/7 levels left

rFire   . . .      SeeInvis +   Y - +2 war axe
rCold   . . .      Faith    .   c - +0 buckler
rNeg    + . .      Spirit   .   j - +0 plate armour
rPois   inf        Reflect  +   l - +0 helmet
rElec   +          Harm     .   (no cloak)
rCorr   .          Rampage  .   (no gloves)
Will    .....                   (no boots)
Stlth   ..........              h - amulet of reflection
HPRegen 0.16/turn               a - ring "Wiaf" {Drain MP+9 Int+6 SInv Stlth-}
MPRegen 0.15/turn               o - +4 ring of protection

@: no status effects
A: sickness immunity, AC +5, negative energy resistance 1, electricity
resistance, torment resistance 1, petrification resistance
a: no special abilities


You were on level 5 of the Dungeon.
You visited 1 branch of the dungeon, and saw 5 of its levels.

You collected 321 gold pieces.


Innate Abilities, Weirdness & Mutations

You are immune to sickness and miasma.
Your stone body is resilient. (AC +5)
You are immune to poison.
You resist negative energy. (rN+)
You are resistant to electric shocks. (rElec)
You are resistant to unholy torment.
You are immune to petrification.


   Skills:
 + Level 4.4 Fighting
 - Level 7.1 Axes
 - Level 1.7 Throwing
 - Level 4.0 Armour
 - Level 1.1 Dodging
 - Level 3.2 Shields


You had 7 spell levels left.
You didn't know any spells.
Your spell library was empty.

Inventory:

Hand Weapons
 t - a +0 flail
 Y - a +2 war axe (weapon)
Missiles
 i - 3 silver boomerangs (quivered)
Armour
 c - a +0 buckler (worn)
 j - a +0 plate armour (worn)
 l - a +0 helmet (worn)
Jewellery
 a - the ring "Wiaf" (left hand) {Drain MP+9 Int+6 SInv Stlth-}
   (You acquired it on level 3 of the Dungeon)

   [ring of intelligence]

   Int:       It affects your intelligence (+6).
   MP:        It affects your magic capacity (+9).
   SInv:      It lets you see invisible.
   Drain:     It drains your maximum health when unequipped.
   Stlth:     It makes you less stealthy.
 h - an amulet of reflection (around neck)
 n - a +6 ring of dexterity
 o - a +4 ring of protection (right hand)
Scrolls
 e - a scroll of identify
 f - a scroll of blinking
 w - a scroll of fog
Potions
 b - a potion of degeneration {unknown}
 d - 2 potions of might
 k - a potion of mutation {unknown}
 m - 2 potions of curing
 r - a potion of cancellation {unknown}

Dungeon Overview and Level Annotations

Branches:
Dungeon (5/15)
 Temple: D:4-7

Altars:
Ru

Shops:
D:4 ((

Annotations:
D:1 1 transporter


Message History

3976 ||| READING scroll of teleportation.
As you read the scroll of teleportation, it crumbles to dust.
You feel strangely unstable.
The wyvern bites you but does no damage.
You hit the wyvern.
The wyvern is severely wounded.
You block the wyvern's attack. x2
You closely miss the wyvern.
The wyvern is severely wounded.
The wyvern bites you but does no damage.
You block the wyvern's attack.
You closely miss the wyvern.
The wyvern is severely wounded.
Your surroundings suddenly seem different.
You start resting.
A wyvern is nearby!
4052 ||| Stepping ~*~*~tactically~*~*~ (stealth).
Throw: 3 boomerangs (silver)
Press: ? - help, Q - select action Shift-Dir - straight line, f/p - wyvern You throw a silver boomerang.
The silver boomerang barely misses the wyvern.
The wyvern hisses angrily.
Throw: 3 boomerangs (silver)
Press: ? - help, Q - select action Shift-Dir - straight line, f/p - wyvern You throw a silver boomerang.
The silver boomerang barely misses the wyvern.
You hit the wyvern.
The wyvern is moderately wounded.
The wyvern barely misses you.
The wyvern bites you but does no damage.
You closely miss the wyvern.
The wyvern is moderately wounded.
The wyvern bites you but does no damage.
You closely miss the wyvern.
The wyvern is moderately wounded.
You block the wyvern's attack. The wyvern bites you!
You hit the wyvern.
The wyvern is heavily wounded.
The wyvern bites you!
You die...

..##.....##............
####...................
.#...###.#.............
.....###.#.#..........
....................##
.........#..........#
...........#...#...##
......##.### #..l...#
....#....# ###@...#
......#.## ###......
...#.##.. ..##. ...#.<#
.# ....... .. ...#.. ##
....#.


You could see a wyvern.

Vanquished Creatures
  Grinder (D:4)
  2 ogres
  3 scorpions
  A hound (D:5)
  2 orc priests (D:3)
  An iguana (D:4)
  Ijyb (D:4)
  4 gnolls (D:4)
  6 adders
  2 dart slugs
  12 orcs
  8 ball pythons
  4 bats
  5 endoplasms
  2 giant cockroaches
  A hobgoblin (D:1)
  4 kobolds
  5 quokkas
  4 frilled lizards
  4 goblins (D:3)
  4 rats
76 creatures vanquished.

Notes
Turn   | Place    | Note
-------+----------+-------------------------------------------
     0 | D:1      | qw the Gargoyle Fighter began the quest for the Orb.
     0 | D:1      | Reached XP level 1. HP: 14/14 MP: 1/1
     0 | D:1      | 0 ||| qw: Version: 0.1-a-119-g272c26d
     0 | D:1      | 0 ||| qw: Game counter: 10900
     0 | D:1      | 0 ||| qw: Always use a shield: true
     0 | D:1      | 0 ||| qw: God list: Okawaru
     0 | D:1      | 0 ||| qw: Allow faded altars: false
     0 | D:1      | 0 ||| qw: Do Orc after D:15 true
     0 | D:1      | 0 ||| qw: Do second Lair branch before Depths: true
     0 | D:1      | 0 ||| qw: Lair rune preference: random
     0 | D:1      | 0 ||| qw: Plans: Normal, Zot, God:TSO, Crypt, Tomb, Pan,
                  | Slime, Hells, Zig, Abyss, Orb
     0 | D:1      | 0 ||| PLANNING D:1-11
    92 | D:1      | Reached skill level 2 in Axes
   189 | D:1      | Found a faded altar of an unknown god.
   197 | D:1      | Reached XP level 2. HP: 17/19 MP: 2/2
   252 | D:1      | 252 ||| Stepping ~*~*~tactically~*~*~ (stealth).
   360 | D:1      | 360 ||| Stepping ~*~*~tactically~*~*~ (hiding).
   363 | D:1      | 363 ||| Stepping ~*~*~tactically~*~*~ (hiding).
   432 | D:1      | Reached skill level 3 in Axes
   532 | D:1      | Reached XP level 3. HP: 23/23 MP: 3/3
  1066 | D:1      | 1066 ||| UPGRADING to +6 ring of dexterity.
  1067 | D:1      | 1067 ||| DROPPING ring of flight.
  1068 | D:1      | 1068 ||| READING scroll labelled VETZOE FOLIBIE.
  1069 | D:1      | 1069 ||| DRINKING 2 black potions.
  1070 | D:1      | 1070 ||| DROPPING potion of brilliance.
  1227 | D:2      | Found a sacrificial altar of Ru.
  1286 | D:2      | Reached skill level 1 in Dodging
  1514 | D:2      | 1514 ||| UPGRADING to +0 plate armour.
  1524 | D:2      | 1524 ||| DROPPING +0 scale mail.
  1525 | D:2      | 1525 ||| UPGRADING to amulet of reflection.
  1530 | D:2      | 1530 ||| READING scroll labelled SOXKYO XUNTO.
  1531 | D:2      | 1531 ||| READING scroll labelled HUAJEGULEI.
  1535 | D:2      | 1535 ||| READING scroll labelled HILONE HUTT.
  1536 | D:2      | 1536 ||| DRINKING 2 bubbling clear potions.
  1537 | D:2      | 1537 ||| DROPPING potion of flight.
  1556 | D:3      | Reached XP level 4. HP: 28/28 MP: 4/4
  1597 | D:3      | 1597 ||| Stepping ~*~*~tactically~*~*~ (hiding).
  1598 | D:3      | 1598 ||| Stepping ~*~*~tactically~*~*~ (hiding).
  1608 | D:3      | Reached skill level 4 in Axes
  1832 | D:3      | 1832 ||| DROPPING +0 mace.
  2125 | D:3      | 2125 ||| Stepping ~*~*~tactically~*~*~ (stealth).
  2151 | D:3      | Reached XP level 5. HP: 32/32 MP: 5/5
  2268 | D:3      | Found the +7 staff of the Meek {protect, meekguard}
  2269 | D:3      | 2269 ||| DROPPING +1 vorpal mace.
  2500 | D:3      | 2500 ||| UPGRADING to +0 helmet.
  2505 | D:3      | 2505 ||| UPGRADING to ring of willpower.
  2506 | D:3      | 2506 ||| READING scroll labelled BAFEMN DOL XOW.
  2506 | D:3      | Identified a scroll of acquirement
  2506 | D:3      | 2506 ||| ACQUIRING ring "Wiaf" {Drain MP+9 Int+6 SInv
                  | Stlth-}
  2506 | D:3      | Acquired the ring "Wiaf" {Drain MP+9 Int+6 SInv Stlth-}
  2508 | D:3      | 2508 ||| UPGRADING to ring "Wiaf" {Drain MP+9 Int+6 SInv
                  | Stlth-}.
  2574 | D:3      | 2574 ||| UPGRADING to +6 ring of dexterity.
  2576 | D:3      | 2576 ||| READING 2 scrolls labelled YWIDWO FITI.
  2577 | D:3      | 2577 ||| READING 2 scrolls labelled HOASTIS XIMIST.
  2578 | D:3      | 2578 ||| READING scroll labelled UZE POACOULE.
  2579 | D:3      | 2579 ||| DRINKING 3 coppery potions.
  2580 | D:3      | 2580 ||| DROPPING scroll of fear.
  2658 | D:4      | Reached skill level 5 in Axes
  2733 | D:4      | Reached skill level 1 in Throwing
  2733 | D:4      | Reached XP level 6. HP: 33/37 MP: 6/6
  2769 | D:4      | Found Qedulo Ucrae's Weapon Shop.
  2778 | D:4      | 2778 ||| Stepping ~*~*~tactically~*~*~ (stealth).
  2779 | D:4      | 2779 ||| Stepping ~*~*~tactically~*~*~ (stealth).
  2780 | D:4      | 2780 ||| Stepping ~*~*~tactically~*~*~ (stealth).
  2782 | D:4      | 2782 ||| Stepping ~*~*~tactically~*~*~ (stealth).
  2783 | D:4      | 2783 ||| Stepping ~*~*~tactically~*~*~ (stealth).
  2787 | D:4      | 2787 ||| Stepping ~*~*~tactically~*~*~ (stealth).
  2788 | D:4      | 2788 ||| Stepping ~*~*~tactically~*~*~ (stealth).
  2828 | D:4      | 2828 ||| Stepping ~*~*~tactically~*~*~ (stealth).
  2829 | D:4      | 2829 ||| Stepping ~*~*~tactically~*~*~ (stealth).
  2832 | D:4      | 2832 ||| Stepping ~*~*~tactically~*~*~ (stealth).
  3013 | D:4      | 3013 ||| Stepping ~*~*~tactically~*~*~ (stealth).
  3063 | D:4      | Noticed Grinder
  3065 | D:4      | 3065 ||| Stepping ~*~*~tactically~*~*~ (hiding).
  3074 | D:4      | Paralysed by Grinder for 4 turns
  3083 | D:4      | Killed Grinder
  3084 | D:4      | Reached skill level 6 in Axes
  3084 | D:4      | Reached XP level 7. HP: 43/43 MP: 7/7
  3104 | D:4      | Found Kodyetei's Weapon Shop.
  3114 | D:4      | 3114 ||| Stepping ~*~*~tactically~*~*~ (stealth).
  3123 | D:4      | 3123 ||| Stepping ~*~*~tactically~*~*~ (stealth).
  3126 | D:4      | 3126 ||| Stepping ~*~*~tactically~*~*~ (hiding).
  3424 | D:4      | Noticed Ijyb
  3425 | D:4      | 3425 ||| Stepping ~*~*~tactically~*~*~ (hiding).
  3436 | D:4      | Killed Ijyb
  3633 | D:4      | 3633 ||| DROPPING orb of mayhem.
  3634 | D:4      | 3634 ||| DROPPING ring of willpower.
  3635 | D:4      | 3635 ||| UPGRADING to +4 ring of protection.
  3637 | D:4      | 3637 ||| READING 2 scrolls labelled BODYIGH LOMNUO.
  3638 | D:4      | 3638 ||| READING scroll of enchant weapon.
  3638 | D:4      | 3638 ||| ENCHANTING +1 war axe.
  3639 | D:4      | 3639 ||| READING scroll labelled EMEEF GOEZXE.
  3640 | D:4      | 3640 ||| READING scroll labelled OTSEVY KAEME.
  3641 | D:4      | 3641 ||| DRINKING 3 brown potions.
  3742 | D:4      | 3742 ||| DROPPING 2 potions of ambrosia.
  3765 | D:5      | Entered Level 5 of the Dungeon
  3827 | D:5      | 3827 ||| Stepping ~*~*~tactically~*~*~ (stealth).
  3828 | D:5      | 3828 ||| Stepping ~*~*~tactically~*~*~ (stealth).
  3841 | D:5      | Reached skill level 7 in Axes
  3908 | D:5      | Reached XP level 8. HP: 48/48 MP: 8/8
  3967 | D:5      | Noticed a wyvern
  3975 | D:5      | HP: 2/48 [wyvern (13)]
  3976 | D:5      | 3976 ||| READING scroll of teleportation.
  4052 | D:5      | 4052 ||| Stepping ~*~*~tactically~*~*~ (stealth).
  4057 | D:5      | HP: 3/48 [wyvern (12)]
  4058 | D:5      | Mangled by a wyvern

Levels and vault maps discovered:
D:1:      spicycebolla_arrival_risky_transporter, layout_loops_ring,
          ebering_ecumenical_altar_mist, chequers_serial_rivers_room_a,
          minmay_misc_feat_columns
D:2:      layout_rooms, basic_altar, kennysheep_nondescript
D:3:      layout_basic, pf_guarded_unrand_meek
D:4:      layout_basic, serial_shops, shop, nicolae_shop_advertising_works
          [nicolae_subvault_shop_adworks], uniq_grinder, uniq_ijyb
D:5:      layout_rooms

Skill      XL: |  1  2  3  4  5  6  7 |
---------------+----------------------+-----
Axes           | 2 3 4 5 6 7 |  7.1
Dodging        | 1 |  1.1
Throwing       | 1 |  1.7
Fighting       | 4 |  4.4
Armour         | 4 |  4.0
Shields        | |  3.2

Action                   |  1- 3 |  4- 6 |  7- 9 || total
-------------------------+-------+-------+-------++-------
Melee: War axe           |    80 |    74 |    70 ||   224
Throw: Boomerang         |    16 |    27 |    17 ||    60
  Use: Scroll            |     4 |     4 |     5 ||    13
       Potion            |     2 |     1 |     1 ||     4
Armor: Scale mail        |    46 |       |       ||    46
       Plate armour      |     2 |    32 |    37 ||    71
Dodge: Dodged            |    43 |     5 |    13 ||    61
Block: Buckler           |    20 |    31 |    35 ||    86

Table legend:
 A = Non-vault XP
 B = Vault XP
 C = Vault XP percentage of total XP
 D = Non-vault monster count
 E = Vault monster count
 F = Vault count percentage of total count
                 A         B        C        D         E       F
            +---------+---------+-------+---------+---------+-------
      Total |     845 |     375 |  30.7 |      69 |       7 |   9.2
            +---------+---------+-------+---------+---------+-------
        D:1 |      37 |       0 |   0.0 |      22 |       0 |   0.0
        D:2 |      31 |       0 |   0.0 |      12 |       0 |   0.0
        D:3 |      85 |      53 |  38.4 |      13 |       5 |  27.8
        D:4 |     412 |     322 |  43.9 |      16 |       2 |  11.1
        D:5 |     280 |       0 |   0.0 |       6 |       0 |   0.0
            +---------+---------+-------+---------+---------+-------
